PL
ST. LOUIS COEUR @ GREENVILLE 84S
04/21/2043
 
TOP OF THE 1ST
St. Louis Coeur batting - Pitching for Greenville 84s : RHP Glenn Suggett
Pitching: RHP Glenn Suggett
Batting: RHB Nobuhisa Murakami 0-0: Ball
1-0: Ball
2-0: SINGLE (Line Drive, 9LS, EV 98.8 MPH)
Batting: LHB Harry Cornelis 0-0: Fly out, F8 (Flyball, 8RD, EV 101.9 MPH)
Batting: LHB Qing-nian Zexian 0-0: Called Strike
0-1: Grounds into double play, 4-6-3 (Groundball, 4, EV 83.1 MPH)
Top of the 1st over - 0 runs, 1 hit, 0 errors, 0 left on base; St. Louis 0 - Greenville 0
BOTTOM OF THE 1ST
Greenville 84s batting - Pitching for St. Louis Coeur : LHP Kevin Nogilny
Pitching: LHP Kevin Nogilny
Batting: LHB Lung Chaim 0-0: Ball
1-0: Ball
2-0: Called Strike
2-1: Foul Ball, location: 2F
2-2: Strikes out swinging
Batting: LHB Quincy Wass 0-0: Ball
1-0: Ball
2-0: Swinging Strike
2-1: Foul Ball, location: 2F
2-2: Ball
3-2: Fly out, F9 (Line Drive, 9, EV 95.6 MPH)
Batting: LHB Philip Visscher 0-0: Swinging Strike
0-1: Swinging Strike
0-2: Strikes out swinging
Bottom of the 1st over - 0 runs, 0 hits, 0 errors, 0 left on base; St. Louis 0 - Greenville 0
TOP OF THE 2ND
St. Louis Coeur batting - Pitching for Greenville 84s : RHP Glenn Suggett
Batting: RHB Jaime Soto 0-0: SOLO HOME RUN (Flyball, 78XD, EV 95.6 MPH), Distance : 413 ft
Batting: LHB Jae-seop Byeon 0-0: Called Strike
0-1: Ball
1-1: Ball
2-1: Swinging Strike
2-2: Ball
3-2: Base on Balls
Batting: RHB Joel Iyiegbuniwe 0-0: Called Strike
Jae-seop Byeon steals 2nd base
0-1: Ball
1-1: Called Strike
1-2: Ball
2-2: Strikes out swinging
Batting: SHB Shing Li 0-0: SINGLE (Groundball, 6M, EV 82.5 MPH) (infield hit)
Jae-seop Byeon to third
Batting: RHB Ik-jun Cho 0-0: Ball
1-0: Called Strike
1-1: Foul Ball, location: 2F
1-2: Reached on error, E6 (Groundball, 6, EV 88.8 MPH)
Jae-seop Byeon scores
Shing Li to second
Batting: LHB Pedro Marrero 0-0: Foul Ball, location: 2F
0-1: DOUBLE (Line Drive, 78D, EV 105.0 MPH)
Shing Li scores
Ik-jun Cho to third
Runner from 3rd tries for Home, SAFE, throw by LF to trailing runner, SAFE at third!
Batting: RHB Nobuhisa Murakami 0-0: Called Strike
0-1: Swinging Strike
0-2: Ball
1-2: Foul Ball, location: 2F
1-2: Foul Ball, location: 2F
1-2: Reached on error, E6 (Groundball, 56, EV 110.0 MPH)
Pedro Marrero scores
Batting: LHB Harry Cornelis 0-0: Ball
1-0: Ball
2-0: Foul Ball, location: 2F
2-1: Foul Ball, location: 2F
2-2: Foul Ball, location: 2F
2-2: Foul Ball, location: 2F
2-2: Fly out, F7 (Flyball, 78M, EV 83.8 MPH)
Batting: LHB Qing-nian Zexian 0-0: Ball
1-0: Called Strike
Nobuhisa Murakami steals 2nd base
1-1: Ball
2-1: Called Strike
2-2: Foul Ball, location: 2F
2-2: Strikes out swinging
Top of the 2nd over - 5 runs, 3 hits, 2 errors, 1 left on base; St. Louis 5 - Greenville 0
BOTTOM OF THE 2ND
Greenville 84s batting - Pitching for St. Louis Coeur : LHP Kevin Nogilny
Batting: RHB Gil Andersen 0-0: Called Strike
0-1: Ball
1-1: Ground out 6-3 (Groundball, 6, EV 84.4 MPH)
Batting: LHB Freddy Díaz 0-0: Ball
1-0: Fly out, F9 (Flyball, 9, EV 85.6 MPH)
Batting: LHB Roberts Hamhock 0-0: Ball
1-0: Called Strike
1-1: Ball
2-1: SOLO HOME RUN (Flyball, 89XD, EV 104.4 MPH), Distance : 412 ft
Batting: LHB Chris Payling 0-0: Ball
1-0: Ground out 4-3 (Groundball, 4, EV 101.9 MPH)
Bottom of the 2nd over - 1 run, 1 hit, 0 errors, 0 left on base; St. Louis 5 - Greenville 1
TOP OF THE 3RD
St. Louis Coeur batting - Pitching for Greenville 84s : RHP Glenn Suggett
Batting: RHB Jaime Soto 0-0: Ball
1-0: Ball
2-0: Ball
3-0: DOUBLE (Line Drive, 7LS, EV 106.2 MPH)
Batting: LHB Jae-seop Byeon 0-0: Fly out, F9 (Line Drive, 9, EV 91.9 MPH)
Batting: RHB Joel Iyiegbuniwe 0-0: Swinging Strike
0-1: Foul Ball, location: 2F
0-2: Foul Ball, location: 2F
0-2: SINGLE (Line Drive, 9S, EV 108.8 MPH)
Jaime Soto to third
Batting: SHB Shing Li 0-0: Ball
1-0: Foul Ball, location: 2F
1-1: Foul Ball, location: 2F
1-2: Ball
2-2: Strikes out looking
Batting: RHB Ik-jun Cho 0-0: Fly out, F9 (Flyball, 89S, EV 81.9 MPH)
Top of the 3rd over - 0 runs, 2 hits, 0 errors, 2 left on base; St. Louis 5 - Greenville 1
BOTTOM OF THE 3RD
Greenville 84s batting - Pitching for St. Louis Coeur : LHP Kevin Nogilny
Batting: RHB Wally Briggs 0-0: Called Strike
0-1: Ball
1-1: Ball
2-1: Called Strike
2-2: DOUBLE (Line Drive, 89D, EV 113.1 MPH)
Batting: RHB Marcos Luna 0-0: Called Strike
0-1: Ball
1-1: Ball
2-1: Foul Ball, location: 2F
2-2: Foul Ball, location: 2F
2-2: Ball
3-2: Reached on error, E8 (Flyball, 8LM, EV 93.1 MPH)
Wally Briggs to third
Batting: LHB Lung Chaim 0-0: Ball
1-0: Called Strike
1-1: DOUBLE (Flyball, 8LXD, EV 88.8 MPH)
Wally Briggs scores
Marcos Luna to third
Batting: LHB Quincy Wass 0-0: Ball
1-0: Ball
2-0: Foul Ball, location: 2F
2-1: Foul Ball, location: 2F
2-2: SINGLE (Line Drive, 34D, EV 95.0 MPH)
Marcos Luna scores
Lung Chaim to third
Runner from 3rd tries for Home, SAFE, throw by RF to home
Batting: LHB Philip Visscher 0-0: Called Strike
0-1: Called Strike
0-2: Ball
1-2: Foul Ball, location: 2F
1-2: Foul Ball, location: 2F
1-2: Fly out, F7 (Flyball, 7LM, EV 85.6 MPH)
Batting: RHB Gil Andersen 0-0: Called Strike
0-1: Fly out, F8 (Line Drive, 8RM, EV 92.5 MPH)
Batting: LHB Freddy Díaz 0-0: Called Strike
Quincy Wass steals 2nd base
0-1: Swinging Strike
0-2: Fly out, F8 (Flyball, 8LD, EV 83.1 MPH)
Bottom of the 3rd over - 3 runs, 3 hits, 1 error, 1 left on base; St. Louis 5 - Greenville 4
TOP OF THE 4TH
St. Louis Coeur batting - Pitching for Greenville 84s : RHP Glenn Suggett
Batting: LHB Pedro Marrero 0-0: Ball
1-0: Called Strike
1-1: Ball
2-1: Foul Ball, location: 2F
2-2: Ball
3-2: Base on Balls
Batting: RHB Nobuhisa Murakami 0-0: Ball
1-0: Grounds out, U3 (Groundball, 3L, EV 100.6 MPH)
Batting: LHB Harry Cornelis 0-0: Called Strike
0-1: Ball
1-1: Foul Ball, location: 2F
1-2: Ball
2-2: Strikes out swinging
Batting: LHB Qing-nian Zexian 0-0: Ground out 5-3 (Groundball, 5L, EV 89.4 MPH)
Top of the 4th over - 0 runs, 0 hits, 0 errors, 1 left on base; St. Louis 5 - Greenville 4
BOTTOM OF THE 4TH
Greenville 84s batting - Pitching for St. Louis Coeur : LHP Kevin Nogilny
Batting: LHB Roberts Hamhock 0-0: Ball
1-0: Called Strike
1-1: Foul Ball, location: 2F
1-2: Strikes out swinging
Batting: LHB Chris Payling 0-0: Ground out U3 (Groundball, 34, EV 83.1 MPH)
Batting: RHB Wally Briggs 0-0: Called Strike
0-1: Swinging Strike
0-2: Foul Ball, location: 2F
0-2: Foul Ball, location: 2F
0-2: Ball
1-2: Strikes out swinging
Bottom of the 4th over - 0 runs, 0 hits, 0 errors, 0 left on base; St. Louis 5 - Greenville 4
TOP OF THE 5TH
St. Louis Coeur batting - Pitching for Greenville 84s : RHP Glenn Suggett
Pitching: RHP Claudio Gonzáles
Batting: RHB Jaime Soto 0-0: Called Strike
0-1: Fly out, F9 (Flyball, 89M, EV 95.0 MPH)
Batting: LHB Jae-seop Byeon 0-0: Called Strike
0-1: Ball
1-1: Foul Ball, location: 2F
1-2: Foul Ball, location: 2F
1-2: Ball
2-2: Strikes out swinging
Batting: RHB Joel Iyiegbuniwe 0-0: Fly out, F7 (Line Drive, 7D, EV 90.0 MPH)
Top of the 5th over - 0 runs, 0 hits, 0 errors, 0 left on base; St. Louis 5 - Greenville 4
BOTTOM OF THE 5TH
Greenville 84s batting - Pitching for St. Louis Coeur : LHP Kevin Nogilny
Pitching: RHP Melvin Turner
Batting: RHB Marcos Luna 0-0: Ball
1-0: Ball
2-0: Ball
3-0: Base on Balls
Batting: LHB Lung Chaim 0-0: Swinging Strike
0-1: Fielders Choice at 2nd, 4-6 (Groundball, 34, EV 97.5 MPH)
Batting: LHB Quincy Wass 0-0: Ball
Lung Chaim steals 2nd base
1-0: Ball
Lung Chaim steals 3rd base
2-0: Fly out, F8 (Flyball, 8LM, EV 91.9 MPH)
Batting: LHB Philip Visscher 0-0: Foul Ball, location: 2F
0-1: Ball
1-1: Ball
2-1: Ball
3-1: Base on Balls
Batting: RHB Gil Andersen 0-0: Ball
1-0: Foul Ball, location: 2F
1-1: Swinging Strike
1-2: Strikes out looking
Bottom of the 5th over - 0 runs, 0 hits, 0 errors, 2 left on base; St. Louis 5 - Greenville 4
TOP OF THE 6TH
St. Louis Coeur batting - Pitching for Greenville 84s : RHP Claudio Gonzáles
Batting: SHB Shing Li 0-0: Ball
1-0: Foul Ball, location: 2F
1-1: Called Strike
1-2: Ball
2-2: Foul Ball, location: 9LSF, Error on foul ball, E9
2-2: Foul Ball, location: 2F
2-2: Ball
3-2: Fly out, F7 (Flyball, 7S, EV 84.4 MPH)
Batting: RHB Ik-jun Cho 0-0: Ball
1-0: Ball
2-0: Swinging Strike
2-1: Called Strike
2-2: SINGLE (Groundball, 56, EV 80.0 MPH) (infield hit)
Batting: LHB Pedro Marrero 0-0: Ball
1-0: Ball
2-0: Called Strike
2-1: Swinging Strike
2-2: Strikes out swinging
Pinch Hitting: RHB Josip Primorac 0-0: Ball
1-0: Swinging Strike
1-1: Ground out 1-3 (Groundball, 13, EV 92.5 MPH)
Top of the 6th over - 0 runs, 1 hit, 1 error, 1 left on base; St. Louis 5 - Greenville 4
BOTTOM OF THE 6TH
Greenville 84s batting - Pitching for St. Louis Coeur : RHP Melvin Turner
Now at 1B: Josip Primorac
Batting: LHB Freddy Díaz 0-0: Ball
1-0: Ball
2-0: Foul Ball, location: 2F
2-1: SOLO HOME RUN (Flyball, 9LD, EV 96.9 MPH), Distance : 339 ft
Batting: LHB Roberts Hamhock 0-0: Ball
1-0: Swinging Strike
1-1: Foul Ball, location: 2F
1-2: Foul Ball, location: 2F
1-2: Foul Ball, location: 2F
1-2: Strikes out swinging
Pitching: RHP Erik Jackson
Batting: LHB Chris Payling 0-0: Ball
1-0: Hit by Pitch
Batting: RHB Wally Briggs 0-0: Ball
1-0: Foul Ball, location: 2F
1-1: Ball
2-1: Fielders Choice at 2nd, 4-6 (Groundball, 4, EV 89.4 MPH)
Batting: RHB Marcos Luna 0-0: Ball
1-0: Called Strike
1-1: Ball
2-1: SINGLE (Groundball, 6MD, EV 103.1 MPH)
Wally Briggs to second
Runner from 2nd tries for 3rd, SAFE, throw by CF made to third
Pinch Hitting: RHB Jesús Vargas 0-0: Fly out, F8 (Flyball, 89D, EV 100.0 MPH)
Bottom of the 6th over - 1 run, 2 hits, 0 errors, 2 left on base; St. Louis 5 - Greenville 5
TOP OF THE 7TH
St. Louis Coeur batting - Pitching for Greenville 84s : RHP Claudio Gonzáles
Pitching: RHP Dave Lawson
Now in CF: Pat Pending
Pinch Hitting: RHB Miguel Contreras 0-0: Fly out, F8 (Flyball, 8RS, EV 89.4 MPH)
Batting: LHB Qing-nian Zexian 0-0: Swinging Strike
0-1: Swinging Strike
0-2: Ball
1-2: Strikes out looking and he ARGUES THE CALL AND IS TOSSED!
Pinch Hitting: RHB António Avery 0-0: Ball
1-0: Ball
2-0: Called Strike
2-1: Ball
3-1: Ground out 3-1 (Groundball, 34, EV 90.0 MPH)
Top of the 7th over - 0 runs, 0 hits, 0 errors, 0 left on base; St. Louis 5 - Greenville 5
BOTTOM OF THE 7TH
Greenville 84s batting - Pitching for St. Louis Coeur : RHP Erik Jackson
Now at 2B: António Avery
Now in RF: Miguel Contreras
Pinch Hitting: LHB Teng Xuefeng 0-0: Foul Ball, location: 2F
0-1: Foul Ball, location: 2F
0-2: Ball
1-2: Strikes out swinging
Pinch Hitting: LHB Vicente Gonzáles 0-0: Ball
1-0: Ball
2-0: Called Strike
2-1: DOUBLE (Line Drive, 89D, EV 103.8 MPH)
Pinch Hitting: RHB Abel Risinger 0-0: Called Strike
0-1: Ball
1-1: Ball
2-1: Called Strike
2-2: Foul Ball, location: 2F
2-2: DOUBLE (Line Drive, 8LXD, EV 112.5 MPH)
Vicente Gonzáles scores
Pitching: RHP Monte Evans
Batting: LHB Freddy Díaz 0-0: Swinging Strike
0-1: Ball
1-1: Foul Ball, location: 2F
1-2: Fly out, F8 (Flyball, 89S, EV 90.0 MPH)
Batting: LHB Craig Woods 0-0: Fly out, F7 (Line Drive, 7D, EV 95.0 MPH)
Bottom of the 7th over - 1 run, 2 hits, 0 errors, 1 left on base; St. Louis 5 - Greenville 6
TOP OF THE 8TH
St. Louis Coeur batting - Pitching for Greenville 84s : RHP Dave Lawson
Now at 1B: Carlos Castro
Now at SS: Abel Risinger
Now in LF: António Etxebarria
Pinch Hitting: LHB You-liang Yang 0-0: Ball
1-0: Foul Ball, location: 2F
1-1: Swinging Strike
1-2: Ball
2-2: Strikes out swinging
Pinch Hitting: RHB Daniel Marley 0-0: Ball
1-0: Foul Ball, location: 2F
1-1: Ball
2-1: Foul Ball, location: 2F
2-2: Foul Ball, location: 2F
2-2: Fly out, F8 (Flyball, 8RD, EV 81.9 MPH)
Pinch Hitting: RHB Jaime Burgos 0-0: Ball
1-0: Foul Ball, location: 2F
1-1: Ball
2-1: Foul Ball, location: 2F
2-2: Ground out 6-3 (Groundball, 56S, EV 90.0 MPH)
Top of the 8th over - 0 runs, 0 hits, 0 errors, 0 left on base; St. Louis 5 - Greenville 6
BOTTOM OF THE 8TH
Greenville 84s batting - Pitching for St. Louis Coeur : RHP Monte Evans
Now at 3B: Jaime Burgos
Now in LF: Daniel Marley
Now in CF: You-liang Yang
Pinch Hitting: LHB Jorge Agramunt 0-0: Reached on error, E4 (Groundball, 4, EV 102.5 MPH)
Pinch Hitting: RHB António Macías 0-0: Ball
1-0: Foul Ball, location: 2F
1-1: Foul Ball, location: 2F
1-2: Grounds into double play, 6-4-3 (Groundball, 6MD, EV 101.9 MPH)
Pinch Hitting: SHB Francisco Daulong 0-0: Called Strike
0-1: Swinging Strike
0-2: Ball
1-2: Ball
2-2: Strikes out swinging
Bottom of the 8th over - 0 runs, 0 hits, 1 error, 0 left on base; St. Louis 5 - Greenville 6
TOP OF THE 9TH
St. Louis Coeur batting - Pitching for Greenville 84s : RHP Dave Lawson
Now at 2B: Francisco Daulong
Now in LF: Jorge Agramunt
Now in RF: António Macías
Pinch Hitting: RHB Kane Felton 0-0: Ball
1-0: Ball
2-0: Ball
3-0: Base on Balls
Pinch Hitting: LHB Dae-ik Park 0-0: Ball
1-0: Sac Bunt to P - play at first, batter OUT! 1-4
Kane Felton to second
Pitching: RHP Sasheer Zamata
Pinch Hitting: LHB Rafael Martínez 0-0: Ball
1-0: Ball
2-0: Ball
3-0: Base on Balls
Batting: RHB Miguel Contreras 0-0: Ball
1-0: Ball
2-0: Called Strike
2-1: Ball
3-1: Foul Ball, location: 2F
3-2: Foul Ball, location: 2F
3-2: Foul Ball, location: 2F
3-2: Strikes out swinging
Batting: RHB Elias den Blick 0-0: Foul Ball, location: 2F
0-1: Foul Ball, location: 2F
0-2: Ball
1-2: Strikes out swinging
Top of the 9th over - 0 runs, 0 hits, 0 errors, 2 left on base; St. Louis 5 - Greenville 6
Thursday, June 17th, 2021 - OOTP Baseball 20.8 Build 74